 Dungeon Crawl Stone Soup version 0.22.1-2-g9c5b331383 (webtiles) character file.

2844 Ivernyr the Transmogrifier (level 9, -3/40 HPs)
             Began as a Vine Stalker Transmuter on Nov 30, 2018.
             Was an Elder of Cheibriados.
             Slain by a killer bee (5 damage)
             ... on level 8 of the Dungeon on Dec 2, 2018.
             The game lasted 00:57:47 (7327 turns).

Ivernyr the Transmogrifier (VSTm)                   Turns: 7327, Time: 00:57:47

Health: -3/40      AC:  2    Str: 25    XL:     9   Next: 74%
Magic:  0/19       EV: 20    Int: 25    God:    Cheibriados [****..]
Gold:   392        SH:  0    Dex: 30    Spells: 4/20 levels left

rFire    . . .     SeeInvis .     - Unarmed
rCold    + . .     Gourm    .   (shield currently unavailable)
rNeg     . . .     Faith    .   (armour currently unavailable)
rPois    x         Spirit   +   (helmet currently unavailable)
rElec    .         Reflect  .   (cloak currently unavailable)
rCorr    .         Harm     .   (gloves currently unavailable)
MR       +....                  (boots currently unavailable)
Stlth    ++........             (no amulet)
HPRegen  0.53/turn              J - ring of protection from cold
MPRegen  0.16/turn              u - +4 ring of strength

@: lethally poisoned (-3 -> -4), spider-form (expiring), very slow
A: tiny, regeneration 1, magic shield, no potion heal 3, rot immunity
a: End Transformation, Bend Time, Temporal Distortion, Slouch, Renounce Religion


You were on level 8 of the Dungeon.
You worshipped Cheibriados.
Cheibriados was greatly pleased with you.
You were hungry.
You were a venomous arachnid creature.
You visited 1 branch of the dungeon, and saw 8 of its levels.
You also visited: Sewer.

You collected 392 gold pieces.

Inventory:

Missiles
 a - 84 arrows
Armour
 b - a +0 robe (melded)
 g - a +0 helmet (melded)
 p - a +0 pair of gloves (melded)
 y - a +0 cloak (melded)
 z - a +1 pair of boots (melded)
 G - a +0 buckler
Jewellery
 u - a +4 ring of strength (right front leg)
 J - a ring of protection from cold (left front leg)
Wands
 h - a wand of enslavement (4)
 m - a wand of acid (18)
 q - a wand of disintegration (18)
 v - a wand of paralysis (21)
 F - a wand of digging (17)
Scrolls
 c - 4 scrolls of amnesia {unknown}
 e - 2 scrolls of remove curse {unknown}
 f - 3 scrolls of fog {unknown}
 j - a scroll of enchant weapon {unknown}
 o - 6 scrolls of teleportation {unknown}
 t - 2 scrolls of identify {unknown}
 w - 3 scrolls of immolation {unknown}
 x - a scroll of enchant armour {unknown}
 B - a scroll of fear {unknown}
 I - 2 scrolls of blinking {unknown}
Potions
 i - a potion of invisibility {unknown}
 k - 2 potions of berserk rage {unknown}
 l - 4 potions of brilliance {unknown}
 n - 3 potions of might {unknown}
 r - a potion of heal wounds {unknown}
 A - 2 potions of magic {unknown}
 C - 2 potions of lignification {unknown}
 E - a potion of mutation {unknown}
 H - 2 potions of agility {unknown}
Comestibles
 d - 14 rations


   Skills:
 - Level 0.8 Fighting
 - Level 1.5 Dodging
 + Level 6.6 Unarmed Combat
 + Level 6.2 Spellcasting
 * Level 8.7 Transmutations
 + Level 5.3 Invocations


You had 4 spell levels left.
You knew the following spells:

 Your Spells              Type           Power        Failure   Level  Hunger
a - Beastly Appendage     Tmut           ######       2%          1    None
b - Sticks to Snakes      Tmut           ######..     2%          2    None
c - Spider Form           Tmut/Pois      ####......   12%         3    None
d - Blink                 Tloc           N/A          26%         2    None
e - Mephitic Cloud        Conj/Pois/Air  #.......     43%         3    None
f - Blade Hands           Tmut           ######....   16%         5    #####..

Your spell library contained the following spells:

 Spells                   Type           Power        Failure   Level  Hunger
 Magic Dart               Conj           #...         21%         1    None
 Call Imp                 Summ           #.......     26%         2    None
 Slow                     Hex            #.......     26%         2    None
 Ice Form                 Ice/Tmut       ####....     28%         4    ###....
 Conjure Flame            Conj/Fire      #.......     43%         3    None


Dungeon Overview and Level Annotations

Branches:
Dungeon (8/15)             Temple (0/1) D:5
   Lair: D:8-11

Altars:
Cheibriados
Elyvilon
Gozag
Hepliaklqana
Kikubaaqudgha
Makhleb
Nemelex Xobeh
Trog
Yredelemnul


Innate Abilities, Weirdness & Mutations

((You have razor-sharp teeth.))
Your natural rate of healing is unusually fast.
When hurt, damage is shared between your health and your magic reserves.
((Your bite disrupts and absorbs the magic of your enemies.))
Potions cannot restore your health.
You are immune to rotting.


Message History

You bite the jackal!
You kill the jackal!
Cheibriados appreciates the change of pace.
You feel sick. The killer bee stings you!
* * * LOW HITPOINT WARNING * * *
The jackal closely misses you. The killer bee completely misses you.
You hit the jackal.
The jackal is poisoned.
The jackal is severely wounded.
* * * LOW HITPOINT WARNING * * *
You feel sick. The killer bee completely misses you.
The jackal bites you but does no damage.
The jackal misses you. The killer bee completely misses you.
Unknown command.
Okay, then.
You hit the jackal.
You kill the jackal!
Cheibriados thoroughly appreciates the change of pace.
* * * LOW HITPOINT WARNING * * *
You feel sick. The jackal closely misses you. The killer bee stings you.
You die...

...#....#.......
#............#
####..#.#.....##
..........#.....
...............#
#####.....##...
#.##y..#
##.##y#......
###..##s##....)
+# ..
#...###†h##....
..+###.###.###
##h# ....
...#8#.##..# ..
... .......##.##
... . ......#.#
.... ........#
..?.. .#8#.##.#
...###
##....####


You could see 2 killer bees and 2 jackals.

Vanquished Creatures
  Prince Ribbit (D:6)
  A hippogriff (D:8)
  Menkaure (D:6)
  An orc warrior (D:6)
  2 sky beasts
  A black bear (D:6)
  3 ogres
  9 big kobolds (Sewer)
  2 bullfrogs
  A killer bee (D:8)
  3 wights
  2 vampire bats (D:4)
  3 crimson imps
  A quasit (D:7)
  3 hounds
  2 centaur skeletons
  An iguana (D:4)
  Ijyb (D:3)
  4 worker ants
  A worker ant zombie (D:5)
  A howler monkey skeleton (D:6)
  13 adders
  2 river rats (Sewer)
  4 oozes
  An adder zombie (D:6)
  2 worms
  6 dart slugs
  7 leopard geckos
  13 orcs
  3 ball pythons
  2 bat skeletons (D:4)
  4 bat zombies (D:4)
  4 giant cockroaches
  6 hobgoblins
  5 jackals
  3 quokkas
  11 bats
  5 frilled lizards
  5 goblins
  13 kobolds
  A leopard gecko skeleton (D:6)
  3 quokka skeletons
  11 rats
168 creatures vanquished.

Notes
Turn   | Place    | Note
-------+----------+-------------------------------------------
     0 | D:1      | Ivernyr the Vine Stalker Transmuter began the quest for the
                  | Orb.
     0 | D:1      | Reached XP level 1. HP: 9/9 MP: 4/4
   439 | D:1      | Reached XP level 2. HP: 11/14 MP: 6/6
   446 | D:1      | Learned a level 2 spell: Sticks to Snakes
   850 | D:1      | Reached XP level 3. HP: 13/17 MP: 4/7
   915 | D:1      | Learned a level 3 spell: Spider Form
  1559 | D:2      | Reached skill level 3 in Transmutations
  1951 | D:2      | Found a basalt altar of Yredelemnul.
  2334 | D:2      | Found a white marble altar of Elyvilon.
  2476 | D:3      | Found a sparkling altar of Nemelex Xobeh.
  2495 | D:3      | Found a burning altar of Makhleb.
  2540 | D:3      | Gained mutation: Your natural rate of healing is unusually
                  | fast. [Vine Stalker growth]
  2540 | D:3      | Reached XP level 4. HP: 21/21 MP: 4/9
  2596 | D:3      | Found a snail-covered altar of Cheibriados.
  2604 | D:3      | Became a worshipper of Cheibriados the Contemplative
  2924 | D:3      | Noticed Ijyb
  2939 | D:3      | Killed Ijyb
  3103 | D:4      | Reached skill level 1 in Invocations
  3103 | D:4      | Reached XP level 5. HP: 25/25 MP: 5/10
  3214 | D:4      | Reached skill level 4 in Transmutations
  3446 | D:4      | Reached * piety under Cheibriados
  3448 | D:4      | Found an ancient bone altar of Kikubaaqudgha.
  3461 | D:4      | Reached XP level 6. HP: 25/29 MP: 1/12
  3632 | D:4      | Noticed a moth of wrath
  3636 | D:4      | Found a bloodstained altar of Trog.
  4231 | D:5      | Entered Level 5 of the Dungeon
  4338 | D:5      | Reached ** piety under Cheibriados
  4381 | D:5      | Found a glowing drain.
  4391 | Sewer    | Entered a sewer
  4447 | Sewer    | Reached skill level 5 in Transmutations
  4447 | Sewer    | Reached XP level 7. HP: 32/32 MP: 10/13
  4858 | Sewer    | Reached skill level 6 in Transmutations
  4858 | Sewer    | Gained mutation: You have razor-sharp teeth. [Vine Stalker
                  | growth]
  4858 | Sewer    | Reached XP level 8. HP: 26/37 MP: 6/15
  4984 | Sewer    | Reached skill level 5 in Unarmed Combat
  5357 | D:5      | Reached *** piety under Cheibriados
  5461 | D:5      | Found a white marble altar of Elyvilon.
  5544 | D:5      | Found a staircase to the Ecumenical Temple.
  5634 | D:6      | Reached skill level 5 in Spellcasting
  5740 | D:6      | Noticed Menkaure
  5756 | D:6      | Killed Menkaure
  5756 | D:6      | Reached skill level 7 in Transmutations
  6020 | D:6      | Found an opulent altar of Gozag.
  6115 | D:6      | Noticed Prince Ribbit
  6118 | D:6      | Reached XP level 9. HP: 40/40 MP: 18/18
  6131 | D:6      | Killed Prince Ribbit
  6317 | D:6      | Learned a level 2 spell: Blink
  6321 | D:6      | Learned a level 3 spell: Mephitic Cloud
  6331 | D:6      | Found a hazy altar of Hepliaklqana.
  6335 | D:6      | Reached **** piety under Cheibriados
  6335 | D:6      | Reached skill level 8 in Transmutations
  6768 | D:7      | Learned a level 5 spell: Blade Hands
  6856 | D:7      | Reached skill level 5 in Invocations
  7326 | D:8      | HP: 2/40 [poisoned by a killer bee]
  7327 | D:8      | Slain by a killer bee

Skill      XL: |  1  2  3  4  5  6  7  8  9 |
---------------+----------------------------+-----
Transmutations | 3 4 5 6 7 8 |  8.7
Spellcasting   | 3 4 5 6 |  6.2
Invocations    | 1 2 3 4 5 |  5.3
Unarmed Combat | 4 5 6 |  6.6
Fighting       | |  0.8
Dodging        | |  1.5

Action                   |  1- 3 |  4- 6 |  7- 9 || total
-------------------------+-------+-------+-------++-------
Melee: Unarmed           |   119 |   148 |   275 ||   542
       Bite              |    17 |     9 |    19 ||    45
       Headbutt          |     6 |       |       ||     6
       Kick              |     3 |     3 |       ||     6
       Punch             |       |       |     1 ||     1
 Cast: Beastly Appendage |    13 |     4 |       ||    17
       Spider Form       |     2 |    16 |    29 ||    47
       Blade Hands       |       |       |     3 ||     3
 Stab: Sleeping          |     1 |     4 |    10 ||    15
       Distracted        |       |     1 |       ||     1
  Eat: Chunk             |     5 |     8 |     6 ||    19
Armor: Robe              |    35 |     8 |    33 ||    76
       Skin              |       |     9 |     9 ||    18
Dodge: Dodged            |    79 |   124 |   211 ||   414
